 Dungeon Crawl Stone Soup version 0.25.1-2-g60ff931df9 (webtiles) character file.

Game seed: 7180400766914419

5 lepoulpe303 the Ducker (level 1, -1/11 HPs)
             Began as a Spriggan Monk on Aug 14, 2020.
             Slain by a hobgoblin
             ... wielding a +0 club
              (5 damage)
             ... on level 1 of the Dungeon.
             The game lasted 00:01:45 (314 turns).

lepoulpe303 the Ducker (Spriggan Monk)               Turns: 314, Time: 00:01:45

Health: -1/11      AC:  2    Str:  7    XL:     1   Next: 66%
Magic:  2/2        EV: 20    Int: 11    God:
Gold:   0          SH:  0    Dex: 18    Spells: 0/0 levels left

rFire    . . .     SeeInvis +   a - +0 short sword
rCold    . . .     Gourm    .   (shield restricted)
rNeg     . . .     Faith    .   b - +0 robe
rPois    .         Spirit   .   (helmet restricted)
rElec    .         Reflect  .   (no cloak)
rCorr    .         Harm     .   (gloves unavailable)
MR       .....                  (boots unavailable)
Stlth    +++.......             (no amulet)
HPRegen  0.03/turn              (no ring)
MPRegen  0.08/turn              (no ring)

@: very quick
A: very small, unfitting armour, see invisible, herbivore, speed 3, slow
metabolism 2
a: no special abilities


You were on level 1 of the Dungeon.
You were not hungry.

You visited 1 branch of the dungeon, and saw 1 of its levels.

Inventory:

Hand Weapons
 a - a +0 short sword (weapon)
Armour
 b - a +0 robe (worn)
Comestibles
 e - 2 rations


   Skills:
 * Level 2.5 Fighting
 * Level 3.3 Short Blades
 + Level 0.1 Armour
 * Level 4.5 Dodging
 * Level 3.2 Stealth


You couldn't memorise any spells.
You didn't know any spells.
Your spell library was empty.

Dungeon Overview and Level Annotations

Branches:
Dungeon (1/15)

Altars:


Innate Abilities, Weirdness & Mutations

You are very small and have problems with some larger weapons.
You are too small for most types of armour.
You have supernaturally acute eyesight. (SInv)
You are a herbivore.
You cover ground extremely quickly.
You need to consume almost no food.


Message History

A giant cockroach comes into view.
The rat barely misses you.
You completely miss the rat. The rat closely misses you.
The hobgoblin hits you with a +0 club.
You take 4 damage, and have 7/11 hp.
MASSIVE DAMAGE!!
You hit the rat.
You kill the rat!
You closely miss the hobgoblin. You completely miss the hobgoblin.
The hobgoblin barely misses you.
You hit the hobgoblin. The hobgoblin completely misses you.
The hobgoblin hits you with a +0 club.
* * * LOW HITPOINT WARNING * * *
You take 3 damage, and have 4/11 hp.
MASSIVE DAMAGE!!
The hobgoblin closely misses you. x2
You see here a mace.
You barely miss the hobgoblin. The hobgoblin misses you.
You hit the hobgoblin. The hobgoblin hits you with a +0 club.
You die...

..... .......
#s.## ##...! #.gg#
#.... #.#.##
#..####
###.#.g####..##..
#######
.........r....##.#
#.....#
.###.##..###..##.#
#.#.### #. ##.#
#†s##.######.#...#
#. #..
#.gg@......#.###.#
..
##.##..###.....#.#
#.# ..#..#
#.....#.# #.#
..#..# #.....#.#
#.# ..#..#
#.....#.# #.# ##.#
#.....')# #.# ...
+.....### ###
#.###.....#
..(.....#


You could see a giant cockroach and 2 hobgoblins.

Levels and vault maps discovered:
D:1:      wander_arrival_lonely_grave, layout_basic, nrook_campfire

Notes
Turn   | Place    | Note
-------+----------+-------------------------------------------
     0 | D:1      | lepoulpe303 the Spriggan Monk began the quest for the Orb.
     0 | D:1      | Reached XP level 1. HP: 11/11 MP: 2/2
    10 | D:1      | lepoulpe303: !whichgod spmo
    10 | D:1      | meem: 4 recent wins for spmo: 2x Ashenzari, 2x Okawaru
    16 | D:1      | Identified a +0 dagger
   283 | D:1      | Identified a +0 club
   284 | D:1      | Identified a +0 club
   314 | D:1      | Slain by a hobgoblin

Table legend:
 A = Turns spent in this place as a percentage of turns spent in the entire game.
 B = Non-inter-level travel turns spent in this place as a percentage of non-inter-level travel turns spent in the entire game.
 C = Inter-level travel turns spent in this place as a percentage of turns spent in this place.
 D = Turns resting spent in this place as a percentage of non-inter-level travel turns spent in this place.
 E = Turns spent auto-exploring this place as a percentage of non-inter-level travel turns spent in this place.
 F = Non-inter-level travel turns spent in this place divided by the number of levels of this place that you've seen.
                   A       B       C       D       E      F
               +-------+-------+-------+-------+-------+----------------------
         Total | 100.0 | 100.0 |   0.0 |  67.8 |  12.1 | 314.0
       Dungeon | 100.0 | 100.0 |   0.0 |  67.8 |  12.1 | 314.0
               +-------+-------+-------+-------+-------+----------------------

Table legend:
 A = Kills in this place as a percentage of kills in entire the game.
 B = Kills by you in this place as a percentage of kills by you in the entire game.
 C = Kills by friends in this place as a percentage of kills by friends in the entire game.
 D = Other kills in this place as a percentage of other kills in the entire game.
 E = Experience gained in this place as a percentage of experience gained in the entire game.
 F = Experience gained in this place divided by the number of levels of this place that you have seen.
                   A       B       C       D       E      F
               +-------+-------+-------+-------+-------+----------------------
         Total | 100.0 | 100.0 |   N/A |   N/A | 100.0 |   8.0
       Dungeon | 100.0 | 100.0 |   N/A |   N/A | 100.0 |   8.0
               +-------+-------+-------+-------+-------+----------------------

Action                   || total
-------------------------++-------
Melee: Short sword       ||    31
Armor: Robe              ||     1
Dodge: Dodged            ||    26

Vanquished Creatures
  A giant cockroach (D:1)
  A goblin (D:1)
  A kobold (D:1)
  A bat (D:1)
  A rat (D:1)
5 creatures vanquished.
